 Dungeon Crawl Stone Soup version 0.16.1-17-g773cdaf (webtiles) character file.

7174 tesudzi the Carver (level 10, -7/82 HPs)
             Began as a Demonspawn Chaos Knight on Apr 22, 2015.
             Killed from afar by a starcursed mass (13 damage)
             ... with an accursed screaming
             ... while paralysed by accursed screaming
             ... on level 1 of the Abyss.
             The game lasted 00:38:53 (8322 turns).

tesudzi the Carver (Demonspawn Chaos Knight)        Turns: 8322, Time: 00:39:13

Health: -7/82      AC: 13    Str: 15      XL:     10   Next: 86%
Magic:  0/19       EV:  2    Int: 13 (16) God:    Xom [.....*]
Gold:   541        SH:  0    Dex: 32      Spells: 1 memorised, 8 levels left

rFire  . . .     SeeInvis .     P - +7 falchion "Taila" {pain, Dex+10 Stlth+}
rCold  . . .     Clarity  .     o - +0 leather armour of Vanity {Regen+ rCorr MP+9}
rNeg   + . .     SustAb   .     c - +2 buckler {rN+}
rPois  .         Gourm    .     e - +2 helmet {Int+3}
rElec  .         Spirit   +     N - +0 cloak {MR+}
rCorr  +         Warding  .     O - +0 pair of gloves
rMut   .         Stasis   .     m - +0 pair of boots
MR     +....                    i - amulet of resist corrosion
Stlth  +++.......               l - +5 ring of evasion
                                n - +6 ring of dexterity

@: paralysed, very slightly contaminated, hasted, somewhat resistant to hostile
enchantments, fairly stealthy
A: talons 1, iridescent scales 1, foul stench 1, strong 1, magic shield, rot
immunity, placid magic 1, MP-powered wands 1
a: Renounce Religion


You were on level 1 of the Abyss.
You worshipped Xom.
You were Xom's teddy bear.
You were hungry.

You visited 2 branches of the dungeon, and saw 10 of its levels.
You visited the Abyss 1 time.

You collected 541 gold pieces.

Inventory:

Hand weapons
 a - a +0 mace of chaos
 p - a +2 hand axe of flaming
 P - the +7 falchion "Taila" (weapon) {pain, Dex+10 Stlth+}
   (You found it on level 6 of the Dungeon)

   In the hands of one skilled in necromantic magic, it inflicts extra damage on
   living creatures.
   It affects your dexterity (+10).
   It makes you more stealthy.
 V - a +4 shortbow of freezing
Missiles
 D - a throwing net (quivered)
Armour
 c - a +2 buckler of positive energy (worn)
 e - a +2 helmet of intelligence (worn)
 m - a +0 pair of boots (worn)
 o - the +0 leather armour of Vanity (worn) {Regen+ rCorr MP+9}
   (You found it on level 2 of the Lair of Beasts)

   It affects your magic capacity (+9).
   It increases your rate of regeneration.
   It protects you from acid and corrosion.
 J - a +2 leather armour of cold resistance
 N - a +0 cloak of magic resistance (worn)
 O - a +0 pair of gloves (worn)
Magical staves
 u - a cursed staff of fire {unknown}
Jewellery
 i - an amulet of resist corrosion (around neck)
 l - a +5 ring of evasion (right hand)
 n - a +6 ring of dexterity (left hand)
 w - a +2 ring of evasion
 K - a +2 ring of intelligence
 Z - the ring of Ugumioxt {SustAb rC+}
   (Xom gifted it to you on level 8 of the Dungeon)

   [ring of sustain abilities]

   It sustains your strength, intelligence and dexterity.
   It protects you from cold.
Magical devices
 j - a wand of teleportation (2)
 C - a wand of random effects (25)
 W - a wand of disintegration (4)
Scrolls
 d - a scroll of identify
 k - 3 scrolls of teleportation
 q - 2 scrolls of remove curse
 r - a scroll of enchant weapon
 s - 2 scrolls of magic mapping
 v - a scroll of enchant armour
 y - 3 scrolls of amnesia
 A - a scroll of fog
Potions
 g - 2 potions of restore abilities
 h - a potion of agility
 t - 2 potions of magic
 z - 3 potions of might
 E - a potion of resistance
 M - a potion of brilliance
 S - 2 potions of heal wounds
 T - 6 potions of curing
Books
 G - a book of Callings

   Spells                             Type                      Level
   a - Summon Small Mammal            Summoning                    1
   b - Call Imp                       Summoning                    2
   c - Call Canine Familiar           Summoning                    3
   d - Summon Guardian Golem          Hexes/Summoning              4
   e - Summon Lightning Spire         Summoning/Air                4
   f - Summon Ice Beast               Ice/Summoning                4
Comestibles
 b - a bread ration
 f - 6 meat rations


   Skills:
 - Level 8.9 Fighting
 + Level 9.6 Long Blades
 - Level 2.6 Maces & Flails
 - Level 1.7 Armour
 - Level 7.0 Dodging
 + Level 5.3 Shields
 - Level 2.2 Summonings


You had 8 spell levels left.
You knew the following spells:

 Your Spells              Type           Power        Failure   Level  Hunger
a - Summon Small Mammal   Summ           #...         9%          1    ##.....


Dungeon Overview and Level Annotations

Branches:
Dungeon (8/15)             Temple (0/1) D:4            Lair (2/8) D:8

Altars:
Ashenzari
Makhleb
Ru
Sif Muna
Xom

Shops:
D:7 %

Annotations:
Abyss:1 Eustachio


Innate Abilities, Weirdness & Mutations

You have sharp toenails.
You are partially covered in iridescent scales (AC +4).
You emit a foul stench.
When hurt, damage is shared between your health and your magic reserves.
You are immune to rotting.
Your muscles are strong. (Str +2)
Your spells are a little easier to cast, but a little less powerful.
You expend magic power (3 MP) to slightly strengthen your wands.


Message History

The starcursed mass is engulfed in seething chaos.
A cacophony of accursed wailing tears at your sanity!
You suddenly lose the ability to move!
The small abomination hits you!
* * * LOW HITPOINT WARNING * * *
A starcursed mass comes into view.
The starcursed mass is no longer moving slowly.
The starcursed mass stops moving altogether!
The thrashing horror tramples you but does no damage. x2
The starcursed mass is engulfed in seething chaos.
The starcursed mass suddenly stops moving!
The small abomination hits you!
* * * LOW HITPOINT WARNING * * *
The starcursed mass is engulfed in seething chaos. x2
The starcursed mass is no longer moving slowly.
The thrashing horror barely misses you. x2
The starcursed mass is engulfed in seething chaos.
The small abomination hits you but does no damage.
A cacophony of accursed wailing tears at your sanity!
You die...
Xom titters!

.X. #.... #....
..##.... ...#....#
# .#
....>...#####..?
................
..........#..#..#..
......X§@.......# .
......##xX.#.#.#..
... ...{......≈.# .
....(....X§#§...#.#
.....t.{§XX#.#.# .#
#....#..#X§..#... .
.#$....(...##.#.# .
. .......... .## .
........#.#...##


You could see 6 starcursed masses, a thrashing horror, a small abomination and a
friendly alligator.

Vanquished Creatures
  Pikel (D:7)
  A rust devil (Abyss:1)
  A black mamba (Lair:2)
  3 yaks (Lair:1)
  3 hippogriffs
  A neqoxec (Abyss:1)
  5 wolves (Lair:1)
  Edmund (D:5)
  A water moccasin (Lair:1)
  3 ice beasts
  2 orc warriors
  3 porcupines
  3 ogres
  A phantom (D:6)
  A sky beast (D:5)
  A gnoll shaman (D:7)
  The ghost of raikaria the Grasshopper, an average DrWr (D:5)
  A centaur (D:5)
  5 crocodiles
  Sigmund (D:6)
  4 giant frogs
  A scorpion (D:3)
  8 wights
  4 goliath beetles
  A crimson imp (D:4)
  A quasit (Abyss:1)
  3 hounds
  4 jellies
  An orc priest (D:7)
  A giant frog skeleton (D:6)
  6 orc wizards
  Natasha (thrice) (D:4)
  2 iguanas
  2 worker ants
  6 sheep (Lair:1)
  Ijyb (D:2)
  A mummy (D:5)
  A hound zombie (D:8)
  A hound skeleton (D:7)
  Robin (D:3)
  25 river rats
  7 adders
  8 gnolls
  A shadow imp (D:3)
  2 giant mites (D:5)
  3 worms
  2 adder skeletons
  4 giant geckos
  19 orcs
  A ball python (D:3)
  A bat skeleton (D:5)
  8 giant cockroaches
  22 hobgoblins
  12 kobolds
  8 quokkas
  18 bats
  A giant gecko zombie (D:6)
  5 giant newts
  A giant spore (D:7)
  27 goblins
  3 kobold zombies (D:5)
  An orc zombie (D:5)
  A quokka skeleton (D:4)
  12 rats
283 creatures vanquished.

Vanquished Creatures (collateral kills)
  A large abomination (Abyss:1)
  Grinder (D:3)
  A starcursed mass (Abyss:1)
  An orc warrior (D:6)
  A small abomination (Abyss:1)
  A giant frog (Lair:1)
  2 crimson imps
  An orc priest (D:6)
  A quasit (Abyss:1)
  2 worker ants (D:6)
  A worker ant zombie (D:6)
  A shadow imp (D:6)
  An ufetubus (Abyss:1)
  An orc zombie (D:6)
  An orc (D:6)
  A goblin (D:3)
18 creatures vanquished.

Vanquished Creatures (others)
  2 slaves (D:7)
  2 gnolls (D:7)
  A shadow imp (D:7)
  An ufetubus (Lair:1)
  An orc (D:7)
  A kobold (D:7)
  A goblin zombie (D:3)
9 creatures vanquished.

Grand Total: 310 creatures vanquished

Notes
Turn   | Place    | Note
--------------------------------------------------------------
     0 | D:1      | tesudzi, the Demonspawn Chaos Knight, began the quest for the Orb.
     0 | D:1      | Reached XP level 1. HP: 18/18 MP: 1/1
    97 | D:1      | Gained mutation: When hurt, damage is shared between your health and your magic reserves. [demonic ancestry]
    97 | D:1      | Reached XP level 2. HP: 21/24 MP: 2/2
   341 | D:1      | XOM: divination: magic mapping
   376 | D:1      | XOM: silly message
   458 | D:1      | XOM: noise
   480 | D:1      | Gained mutation: Your natural rate of healing is unusually fast. [potion of beneficial mutation]
   626 | D:2      | Reached skill level 4 in Fighting
   667 | D:2      | Gained mutation: You are immune to rotting. [demonic ancestry]
   667 | D:2      | Reached XP level 3. HP: 21/30 MP: 0/3
   793 | D:2      | Noticed Ijyb
   825 | D:2      | Killed Ijyb
   834 | D:2      | XOM: smoke on damage
   856 | D:2      | Found a shattered altar of Ashenzari.
   864 | D:2      | Gained mutation: Your muscles are strong. (Str +2) [potion of mutation]
   864 | D:2      | Gained mutation: Your spells are a little easier to cast, but a little less powerful. [potion of mutation]
   864 | D:2      | Lost mutation: Your natural rate of healing is unusually fast. [potion of mutation]
   902 | D:2      | Reached skill level 5 in Fighting
   902 | D:2      | Gained mutation: You emit a foul stench. [demonic ancestry]
   902 | D:2      | Reached XP level 4. HP: 30/39 MP: 4/4
  1017 | D:2      | XOM: divination: detect creatures
  1521 | D:3      | XOM: cast spell 'Confusing Touch'
  1626 | D:3      | Reached skill level 6 in Fighting
  1626 | D:3      | Gained mutation: You have sharp toenails. [demonic ancestry]
  1626 | D:3      | Reached XP level 5. HP: 24/46 MP: 5/5
  1730 | D:3      | Found a burning altar of Makhleb.
  1960 | D:3      | Noticed Robin
  1972 | D:3      | Killed Robin
  1975 | D:3      | Noticed Grinder
  1977 | D:3      | Paralysed by Grinder for 6 turns
  1979 | D:3      | XOM: confuse monster(s)
  1979 | D:3      | Killed Grinder
  1979 | D:3      | Reached skill level 7 in Fighting
  1979 | D:3      | Reached XP level 6. HP: 30/55 MP: 6/6
  2116 | D:3      | XOM: mild Summ miscast
  2252 | D:4      | XOM: harmless Hex miscast
  2286 | D:4      | XOM: 4-stop teleportation journey
  2304 | D:4      | Found a staircase to the Ecumenical Temple.
  2401 | D:4      | Noticed Natasha
  2408 | D:4      | Killed Natasha
  2488 | D:4      | Noticed Natasha
  2505 | D:4      | Killed Natasha
  2505 | D:4      | Reached skill level 1 in Dodging
  2519 | D:4      | Noticed Natasha
  2522 | D:4      | Killed Natasha
  2544 | D:4      | XOM: confuse monster(s)
  2719 | D:4      | XOM: summons 2 hostile shadow creatures
  2924 | D:4      | XOM: vitrification
  2942 | D:4      | Noticed Eustachio
  2947 | D:4      | Banished Eustachio
  2947 | D:4      | Reached XP level 7. HP: 56/60 MP: 5/7
  3013 | D:4      | XOM: mild Hex miscast
  3063 | D:5      | Entered Level 5 of the Dungeon
  3072 | D:4      | XOM: fog
  3083 | D:4      | XOM: polymorph orc -> giant gecko
  3234 | D:5      | XOM: chaos cloud
  3242 | D:5      | Gained mutation: You expend magic power (3 MP) to slightly strengthen your wands. [mutagenic glow]
  3292 | D:5      | XOM: god gift: 19 silver sling bullets
  3627 | D:5      | Noticed raikaria's ghost (average DrWr)
  3637 | D:5      | Reached skill level 5 in Dodging
  3638 | D:5      | XOM: swap monsters
  3654 | D:5      | Killed raikaria's ghost
  3662 | D:5      | XOM: scenery: create altars
  3843 | D:5      | Noticed Edmund
  3855 | D:5      | Killed Edmund
  3855 | D:5      | Reached XP level 8. HP: 39/67 MP: 2/8
  3899 | D:5      | XOM: god gift: bubbling black potion
  4149 | D:5      | XOM: swap monsters
  5005 | D:5      | XOM: vitrification
  5121 | D:6      | Reached skill level 8 in Fighting
  5137 | D:6      | XOM: vitrification
  5140 | D:6      | Noticed Sigmund
  5175 | D:6      | Killed Sigmund
  5294 | D:6      | Learned a level 1 spell: Summon Small Mammal
  5304 | D:6      | XOM: god gift: 13 royal jellies
  5341 | D:6      | Reached skill level 1 in Summonings
  5392 | D:6      | XOM: 3-stop teleportation journey
  5684 | D:6      | Got a crude falchion
  5688 | D:6      | Identified the +7 falchion "Taila" {pain, Dex+10 Stlth+} (You found it on level 6 of the Dungeon)
  5750 | D:6      | XOM: chaos upgrade
  5761 | D:6      | Reached skill level 1 in Long Blades
  5761 | D:6      | Reached XP level 9. HP: 42/75 MP: 5/9
  5879 | D:6      | XOM: noise
  5968 | D:7      | XOM: silly message
  6085 | D:7      | Noticed Pikel
  6092 | D:7      | XOM: mild Trmt miscast
  6095 | D:7      | Killed Pikel
  6095 | D:7      | Reached skill level 5 in Long Blades
  6117 | D:7      | XOM: mild Air miscast
  6132 | D:7      | XOM: divination: magic mapping
  6138 | D:7      | XOM: enchant monster (bad)
  6247 | D:7      | XOM: mild Air miscast
  6253 | D:7      | XOM: divination: magic mapping
  6255 | D:7      | XOM: silly message
  6262 | D:7      | XOM: enchant monster (bad)
  6263 | D:7      | XOM: divination: detect creatures
  6279 | D:7      | XOM: summons 2 friendly demons
  6291 | D:7      | XOM: cast spell 'Confusing Touch'
  6294 | D:7      | XOM: swap monsters
  6354 | D:7      | Found a sacrificial altar of Ru.
  6538 | D:7      | XOM: god gift: helmet {god gift}
  6566 | D:7      | XOM: god gift: runed shortbow {god gift}
  6662 | D:7      | Found Tytoj's Food Boutique.
  6968 | D:7      | XOM: vitrification
  7011 | D:7      | XOM: god gift: bone wand {god gift}
  7055 | D:8      | Identified a scroll of acquirement
  7105 | D:8      | Found a staircase to the Lair.
  7126 | D:8      | XOM: god gift: sparkling turquoise ring {god gift}
  7127 | D:8      | Got a sparkling turquoise ring {god gift}
  7129 | D:8      | Identified the ring of Ugumioxt {SustAb rC+} (Xom gifted it to you on level 8 of the Dungeon)
  7134 | D:8      | Found a deep blue altar of Sif Muna.
  7193 | Lair:1   | Entered Level 1 of the Lair of Beasts
  7263 | Lair:1   | Gained mutation: You are partially covered in iridescent scales (AC +4). [demonic ancestry]
  7263 | Lair:1   | Reached XP level 10. HP: 68/82 MP: 8/10
  7327 | Lair:1   | XOM: summons friendly ufetubus
  7371 | Lair:1   | Reached skill level 1 in Shields
  7382 | Lair:1   | XOM: divination: detect creatures
  7534 | Lair:1   | XOM: summons friendly iron imp
  7535 | Lair:1   | XOM: mild Air miscast
  7733 | Lair:1   | Reached skill level 9 in Long Blades
  8004 | Lair:2   | XOM: fog
  8024 | Lair:2   | XOM: enchant monster (bad)
  8086 | Lair:2   | Got a heavily runed leather armour
  8099 | Lair:2   | Identified the +0 leather armour of Vanity {Regen+ rCorr MP+9} (You found it on level 2 of the Lair of Beasts)
  8125 | Lair:2   | Noticed a black mamba
  8136 | Lair:2   | Killed a black mamba
  8139 | Lair:2   | XOM: severe Tloc miscast
  8139 | Lair:2   | Cast into the Abyss (the severe capriciousness of Xom)
  8264 | Abyss:1  | Noticed a starcursed mass
  8265 | Abyss:1  | Noticed a large abomination
  8266 | Abyss:1  | XOM: noise
  8267 | Abyss:1  | XOM: summons 5 hostile demons
  8268 | Abyss:1  | Noticed a rust devil
  8271 | Abyss:1  | XOM: cast spell 'Summon Dragon'
  8279 | Abyss:1  | Reached skill level 5 in Shields
  8280 | Abyss:1  | Killed a rust devil
  8282 | Abyss:1  | Killed a large abomination
  8302 | Abyss:1  | Noticed a lich
  8302 | Abyss:1  | XOM: chaos cloud
  8304 | Abyss:1  | Killed a starcursed mass
  8312 | Abyss:1  | Paralysed by accursed screaming for 1 turns
  8315 | Abyss:1  | Noticed an alligator
  8315 | Abyss:1  | a fire dragon changed into an alligator
  8316 | Abyss:1  | XOM: god gift: 19 gold pieces
  8317 | Abyss:1  | Noticed a thrashing horror
  8320 | Abyss:1  | Paralysed by accursed screaming for 2 turns
  8321 | Abyss:1  | Noticed a starcursed mass
  8322 | Abyss:1  | Killed from afar by a starcursed mass

Action                   |  1- 3 |  4- 6 |  7- 9 | 10-12 || total
-------------------------+-------+-------+-------+-------++-------
Melee: Mace              |    90 |   260 |   309 |       ||   659
       Falchion          |       |       |   222 |   240 ||   462
Throw: Throwing net      |       |       |     2 |       ||     2
 Cast: Summon Small Mamm |       |       |     2 |       ||     2
Evoke: Wand              |       |       |     2 |     1 ||     3
  Use: Scroll            |     5 |     9 |    13 |       ||    27
       Potion            |     3 |     1 |     5 |     1 ||    10
 Stab: Paralysed         |     2 |     4 |     6 |       ||    12
       Confused          |       |     6 |     7 |     1 ||    14
       Invisible         |       |       |     1 |       ||     1
       Petrified         |       |       |     3 |       ||     3
       Sleeping          |       |       |     5 |     8 ||    13
       Distracted        |       |       |       |     3 ||     3
  Eat: Chunk             |       |     7 |     7 |     1 ||    15
       Fruit             |       |       |     3 |       ||     3
       Pizza             |       |       |     3 |       ||     3
       Bread ration      |       |       |     1 |       ||     1
